 Dungeon Crawl Stone Soup version 0.30-a0-335-ge5acde7520 (webtiles) character file.

Game seed: 13275490280983373500

396 lesbiats the Conjurer (level 6, -5/51 HPs)
             Began as a Draconian Conjurer on Oct 31, 2022.
             Killed from afar by an orc wizard (8 damage)
             ... with a puff of flame
             ... on level 4 of the Dungeon.
             The game lasted 00:15:13 (4128 turns).

lesbiats the Conjurer (Draconian Conjurer)          Turns: 4128, Time: 00:15:14

Health: -5/51      AC:  6    Str:  9    XL:     6   Next: 52%
Magic:  4/11       EV: 12    Int: 21    God:
Gold:   90         SH:  0    Dex:  9    Spells: 9/12 levels left

rFire   . . .      SeeInvis .    o - +1 dagger (venom)
rCold   . . .      Faith    .    (no shield)
rNeg    . . .      Spirit   .    (body armour unavailable)
rPois   .          Reflect  .    (helmet restricted)
rElec   .          Harm     .    (no cloak)
rCorr   .          Rampage  .    (no gloves)
Will    .....                    (no boots)
Stlth   ++........               (no amulet)
HPRegen 0.28/turn                (no ring)
MPRegen 0.12/turn                (no ring)

@: no status effects
A: AC +6, unfitting armour, cold-blooded
a: no special abilities


You were on level 4 of the Dungeon.
You visited 1 branch of the dungeon, and saw 4 of its levels.

You collected 90 gold pieces.

Inventory:

Hand Weapons
 o - a +1 dagger of venom (weapon)
 q - a +2 falchion of electrocution
Missiles
 c - 6 boomerangs
Armour
 x - a scarf of shadows
Scrolls
 d - 2 scrolls of teleportation {unknown}
 e - a scroll of silence {unknown}
 f - 2 scrolls of fear {unknown}
 h - 2 scrolls of noise {unknown}
 j - 2 scrolls of identify {unknown}
 k - a scroll of torment {unknown}
 m - a scroll of magic mapping {unknown}
 n - 2 scrolls of immolation {unknown}
 p - 3 scrolls of summoning {unknown}
 s - a scroll of butterflies {unknown}
 v - a scroll of vulnerability {unknown}
Potions
 a - 2 potions of magic
 b - a potion of invisibility {unknown}
 g - 2 potions of cancellation {unknown}
 i - a potion of mutation {unknown}
 l - a potion of flight {unknown}
 r - 2 potions of lignification {unknown}
 t - a potion of heal wounds {unknown}
 u - 2 potions of degeneration {unknown}
 w - a potion of curing {unknown}


   Skills:
 + Level 3.3 Fighting
 - Level 1.7 Dodging
 - Level 1.7 Stealth
 + Level 3.5 Spellcasting
 * Level 6.3 Conjurations


You had 9 spell levels left.
You knew the following spells:

 Your Spells              Type           Power      Damage    Failure   Level
a - Magic Dart            Conj           100%       1d8       1%          1
b - Searing Ray           Conj           60%        2d6       1%          2

Your spell library contained the following spells:

 Spells                   Type           Power      Damage    Failure   Level
 Dazzling Flash           Conj/Hex       34%        N/A       11%         3
 Fulminant Prism          Conj/Hex       8%         3d7       34%         4
 Iskenderun's Mystic Bla  Conj/Tloc      17%        2d5       34%         4
 Ozocubu's Armour         Ice            3%         N/A       36%         3
 Metabolic Englaciation   Hex/Ice        1%         N/A       98%         5
 Simulacrum               Ice/Necr       1%         N/A       100%        6
 Ozocubu's Refrigeration  Ice            1%         4d7       100%        7


Dungeon Overview and Level Annotations

Branches:
Dungeon (4/15)
 Temple: D:4-7

Altars:
Elyvilon
Nemelex Xobeh
The Shining One


Innate Abilities, Weirdness & Mutations

Your plain brown scales are hard. (AC +6)
You cannot fit into any form of body armour.
You are cold-blooded and may be slowed by cold attacks.


Message History

The searing ray hits the orc wizard.
The orc wizard is moderately wounded.
The searing ray hits the orc priest.
The orc priest is heavily wounded.
Something hits you but does no damage.
The searing ray hits something!
The searing ray hits the orc wizard!
The orc wizard is severely wounded.
The searing ray hits the orc priest.
The orc priest is heavily wounded.
You hear some strange, mumbled words.
A magic dart appears from out of thin air!
The magic dart hits you!
* * * LOW HITPOINT WARNING * * *
The orc priest calls upon Beogh to heal the orc wizard.
The orc wizard is healed somewhat.
The searing ray hits the orc wizard!
The orc wizard is almost dead.
The searing ray hits the orc priest!
You kill the orc priest!
You finish channelling your searing ray.
You hear some strange, mumbled words.
A puff of flame appears from out of thin air!
The puff of flame hits you!
* * * LOW HITPOINT WARNING * * *
Something hits you but does no damage.
Okay, then.
Casting: Searing Ray (safe; 1% risk of failure)
Confirm with . or Enter, or press ? or * to list all spells.
Aiming: Searing Ray (safe; 1% risk of failure)
Press: ? - help, Shift-Dir - straight line, f/p - orc wizard
Aim: an orc wizard, wielding a +1 dagger of electrocution and wearing a +0 robe (almost dead, 74% to hit)
The searing ray hits something!
Reactivating autopickup.
You feel a bit more experienced.
The searing ray misses the orc wizard.
The searing ray hits the goblin!
You kill the goblin! (Press . to maintain the ray.)
The orc wizard points at you and mumbles some strange words.
The puff of flame hits you!
You die...

#### ##### ...# #...# ...#
##.#.# # #..# #..#.#######
#8# #..##@##.......# #_~≈
#..#)###..##..## #..~≈
#.#o##...##...###
#...~~#).)##.#.##......
8_og..'..###)#.##....## ##
#$..~≈#..##>.#.##..#..# #.
#..~≈##..##.#.........###.
#_≈≈##..#.................
#8# #.......#(...........#


You could see an orc wizard.

Vanquished Creatures
  A scorpion (D:4)
  A hound (D:4)
  3 orc priests
  An iguana (D:4)
  2 orc wizards
  Robin (D:3)
  6 adders
  5 dart slugs
  2 worms
  12 orcs
  2 bats (D:2)
  9 endoplasms
  2 giant cockroaches
  11 goblins
  4 hobgoblins
  3 jackals
  3 kobolds
  5 quokkas
  6 ball pythons
  8 frilled lizards
  3 rats
90 creatures vanquished.

Vanquished Creatures (others)
  5 plants (D:2)
5 creatures vanquished.

Grand Total: 95 creatures vanquished

Notes
Turn   | Place    | Note
-------+----------+-------------------------------------------
     0 | D:1      | lesbiats the Draconian Conjurer began the quest for the
                  | Orb.
     0 | D:1      | Reached XP level 1. HP: 14/14 MP: 3/3
   366 | D:1      | Reached XP level 2. HP: 18/22 MP: 0/5
   422 | D:1      | Learned a level 2 spell: Searing Ray
   716 | D:1      | Reached skill level 1 in Fighting
  1051 | D:2      | Reached XP level 3. HP: 28/28 MP: 0/6
  2401 | D:3      | Reached XP level 4. HP: 34/36 MP: 2/7
  2500 | D:3      | Reached skill level 5 in Conjurations
  2592 | D:3      | Reached XP level 5. HP: 40/41 MP: 7/9
  2619 | D:3      | Noticed Robin
  2628 | D:3      | Killed Robin
  3792 | D:4      | Reached XP level 6. HP: 40/51 MP: 4/10
  3878 | D:4      | Reached skill level 6 in Conjurations
  4104 | D:4      | Found a glowing golden altar of the Shining One.
  4104 | D:4      | Found a sparkling altar of Nemelex Xobeh.
  4104 | D:4      | Found a white marble altar of Elyvilon.
  4126 | D:4      | HP: 2/51 [something/puff of flame (12)]
  4128 | D:4      | Killed from afar by an orc wizard

Illustrated notes

Levels and vault maps discovered:
D:1:      scummos_arrival_hexagon, layout_basic
D:2:      layout_basic, minmay_lizard_king
D:3:      layout_loops_ring, uniq_robin
D:4:      layout_rooms, mainiacjoe_overflow_alcove_4,
          gammafunk_temple_overflow_claw, minmay_manual_mail

Skill      XL: |  1  2  3  4  5  6 |
---------------+-------------------+-----
Fighting       | 1 2 3 |  3.3
Conjurations   | 5 6 |  6.3
Spellcasting   | 3 |  3.5
Dodging        | |  1.7
Stealth        | |  1.7

Action                   |  1- 3 |  4- 6 || total
-------------------------+-------+-------++-------
Melee: Unarmed           |    22 |       ||    22
       Tailslap          |     2 |     6 ||     8
       Dagger            |       |    43 ||    43
       Punch             |       |     1 ||     1
 Cast: Magic Dart        |    71 |    38 ||   109
       Searing Ray       |     4 |     9 ||    13
Armor: Skin              |    16 |    22 ||    38
Dodge: Dodged            |    34 |    47 ||    81

Table legend: (Time is in decaauts)
 A = Elapsed time spent in this place.
 B = Non-inter-level travel time spent in this place.
 C = Inter-level travel time spent in this place.
 D = Time resting spent in this place.
 E = Time spent auto-exploring this place.
 F = Levels seen in this place.
 G = Mean time per level.
                   A        B        C        D        E       F      G
               +--------+--------+--------+--------+--------+-----+--------+
         Total |   4127 |   4031 |     96 |   1583 |   1730 |   4 | 1031.8 |
       Dungeon |   4127 |   4031 |     96 |   1583 |   1730 |   4 | 1031.8 |
               +--------+--------+--------+--------+--------+-----+--------+

Top non-repeatable levels by time:
     D:2: 1457 daAuts
     D:3: 1377 daAuts
     D:1: 930 daAuts
     D:4: 362 daAuts
